 Dungeon Sprint DCSS version 0.30.0-18-gc0e69614cb (webtiles) character file.

Game seed: 15333078885767751479

182 Darkkill the Shooter (level 5, -2/78 HPs)
             Began as a Minotaur Hunter on May 25, 2023.
             Was a Follower of Nemelex Xobeh.
             Slain by a warg (6 damage)
             ... in the Dungeon (Sprint VII: "The Pits").
             The game lasted 00:02:44 (327 turns).

Darkkill the Shooter (Minotaur Hunter)               Turns: 327, Time: 00:02:45

Health: -2/78      AC: 12    Str: 15    XL:     5   Next: 34%
Magic:  4/4        EV:  6    Int:  6    God:    Nemelex Xobeh [*.....]
Gold:   0          SH:  0    Dex: 16    Spells: 4/4 levels left

rFire   . . .        o - +1 trident (heavy)
rCold   . . .        (no shield)
rNeg    . . .        e - +2 plate armour
rPois   .            (helmet restricted)
rElec   .            (no cloak)
rCorr   .            (no gloves)
SInv    .            (no boots)
Will    .....        (no amulet) Stlth
                     (no ring)
HPRegen 0.33/turn    (no ring)
MPRegen 0.09/turn

%: no teleportation
@: berserking, very quick
A: horns 2, retaliatory headbutt
a: Renounce Religion, Draw Escape, Draw Destruction, Draw Summoning


You were in the Dungeon.
You worshipped Nemelex Xobeh.
Nemelex Xobeh was aware of your devotion.
You visited 1 branch

Inventory:

Hand Weapons
 o - a +1 heavy trident (weapon)
Missiles
 k - 11 stones
Armour
 e - a +2 plate armour (worn)
Scrolls
 i - a scroll of blinking
 l - 5 scrolls of amnesia
 m - a scroll of butterflies
 n - a scroll of immolation
Potions
 a - 5 potions of heal wounds
 d - 6 potions of curing {@q1}
 f - a potion of haste
 g - 4 potions of magic
 h - 2 potions of berserk rage
 j - 2 potions of invisibility


   Skills:
 + Level 7.0 Fighting
 + Level 7.5 Ranged Weapons
 + Level 6.3 Dodging
 + Level 5.0 Stealth


You had 4 spell levels left.
You didn't know any spells.
Your spell library was empty.

Dungeon Overview and Level Annotations

Branches:
Dungeon (1/1)

Altars:
Ashenzari
Cheibriados
Dithmenos
Elyvilon
Fedhas
Gozag
Hepliaklqana
Kikubaaqudgha
Makhleb
Nemelex Xobeh
Okawaru
Qazlal
Ru
Sif Muna
Trog
Uskayaw
Vehumet
Wu Jian
Xom
Yredelemnul
Zin
The Shining One
Jiyva
Lugonu


Innate Abilities, Weirdness & Mutations

You have a pair of horns on your head.
You reflexively headbutt those who attack you in melee.


Message History

You now have 3 destruction cards and 1 summoning card.
A worm and an ogre come into view.
The ogre shouts!
A ball python comes into view.
There is an open door here.
You draw a card...
You have drawn Vitriol.
Press: ? - help, Shift-Dir - straight line, f - ogre
Aim: an ogre, wielding a +0 giant spiked club The glob of acid misses the ball python.
The glob of acid hits the ogre!!
The acid corrodes the ogre!
The ogre is severely wounded.
You draw a card...
You have drawn the Orb.
Press: ? - help, Shift-Dir - straight line, f/p - ogre
Aim: an ogre, wielding a +0 giant spiked club (severely wounded, covered in acid)
Your orb of destruction hits a metal wall. x5
The ball python bites you but does no damage.
The ball python barely misses you.
The ball python attacks as you move away!
The ball python bites you but does no damage.
Things that are here:
a +2 vampiric trident; a +0 leather armour You barely miss the ball python.
The ball python bites you but does no damage.
The ball python grabs you. The ball python constricts you.
The ball python bites you. The ball python constricts you.
The ball python bites you but does no damage.
The ball python constricts you.
You draw a card...
You have drawn Pain.
Press: ? - help, Shift-Dir - straight line, p - ogre The deck of cards disappears without a trace.
The ball python completely misses you. The ball python constricts you.
You barely miss the ball python. The ball python barely misses you.
You furiously retaliate!
You headbutt the ball python. The ball python constricts you.
The ball python bites you but does no damage.
The ball python constricts you.
You puncture the ball python!
You kill the ball python!
The ogre hits you with a +0 giant spiked club!!
Ouch! That really hurt!
You hit the ogre but do no damage.
The ogre is severely wounded.
The ogre hits you with a +0 giant spiked club!
You puncture the ogre!
You kill the ogre!
Your Fighting skill increases to level 6!
Your Ranged Weapons skill increases to level 7!
Your Dodging skill increases to level 6!
Your Stealth skill increases to level 4!
You have reached level 5!
You puncture the worm!
The worm is severely wounded.
The worm bites you but does no damage.
You puncture the worm!
You kill the worm!
Items here: )) [ †.
You start resting.
A river rat comes into view.
The river rat barely misses you.
You puncture the river rat!
You kill the river rat!
Your Fighting skill increases to level 7!
Your Stealth skill increases to level 5!
There is an open door here.
A water moccasin comes into view.
The water moccasin hisses angrily.
A warg comes into view.
The water moccasin moves out of view.
The warg howls!
The warg stops to sniff the ground.
The warg bites you! x2
* * * LOW HITPOINT WARNING * * *
You barely miss the warg. The warg bites you but does no damage.
The warg bites you.
* * * LOW HITPOINT WARNING * * *
A red film seems to cover your vision as you go berserk!
You feel yourself moving faster!
You feel mighty! The warg bites you.
* * * LOW HITPOINT WARNING * * *
You closely miss the warg.
The warg bites you but does no damage. x2
You puncture the warg!
The warg is heavily wounded.
The warg bites you!
* * * LOW HITPOINT WARNING * * *
The warg bites you but does no damage.
You barely miss the warg.
The warg is heavily wounded.
The warg bites you.
* * * LOW HITPOINT WARNING * * *
The warg barely misses you. You furiously retaliate!
You headbutt the warg! You barely miss the warg.
The warg is almost dead.
The warg closely misses you.
You closely miss the warg.
The warg is almost dead.
The warg bites you.
You die...
Your body disappears without a glow.

#.#.[###†####......
#.##'#.....##...<..
#.#........##......
#.#........##......
#'###########......
#.......# #######
#..#.#..# #.##.##.#
#.@hS...# #.##.##.#
#.. # #... #####


You could see a warg and a water moccasin.

Vanquished Creatures
  An ogre (D)
  A scorpion (D)
  2 river rats (D)
  An adder (D)
  A worm (D)
  A giant cockroach (D)
  A hobgoblin (D)
  2 jackals (D)
  2 kobolds (D)
  2 ball pythons (D)
14 creatures vanquished.

Notes
Turn   | Place    | Note
-------+----------+-------------------------------------------
     0 | D        | Darkkill the Minotaur Hunter began the quest for the Orb.
     0 | D        | Reached XP level 1. HP: 18/18 MP: 0/0
    11 | D        | Noticed a redback
    30 | D        | Reached skill level 1 in Stealth
    30 | D        | Reached XP level 2. HP: 17/26 MP: 1/1
   112 | D        | Found a bloodstained altar of Trog.
   112 | D        | Found a shimmering blue altar of Sif Muna.
   112 | D        | Found a viscous altar of Jiyva.
   112 | D        | Found a hazy altar of Hepliaklqana.
   112 | D        | Found an opulent altar of Gozag.
   113 | D        | Found a glowing golden altar of the Shining One.
   113 | D        | Found a glowing silver altar of Zin.
   113 | D        | Found a basalt altar of Yredelemnul.
   113 | D        | Found a shimmering altar of Xom.
   113 | D        | Found an ornate altar of the Wu Jian Council.
   113 | D        | Found a sacrificial altar of Ru.
   113 | D        | Found a stormy altar of Qazlal.
   113 | D        | Found an iron altar of Okawaru.
   113 | D        | Found a sparkling altar of Nemelex Xobeh.
   113 | D        | Found a burning altar of Makhleb.
   113 | D        | Found a blossoming altar of Fedhas.
   113 | D        | Found a white marble altar of Elyvilon.
   113 | D        | Found a shadowy altar of Dithmenos.
   113 | D        | Found a snail-covered altar of Cheibriados.
   116 | D        | Found a corrupted altar of Lugonu.
   116 | D        | Found a radiant altar of Vehumet.
   117 | D        | Found an ancient bone altar of Kikubaaqudgha.
   117 | D        | Found a hide-covered altar of Uskayaw.
   117 | D        | Found a broken altar of Ashenzari.
   124 | D        | Became a worshipper of Nemelex Xobeh the Trickster
   142 | D        | Reached skill level 5 in Ranged Weapons
   176 | D        | Noticed a scorpion
   186 | D        | Killed a scorpion
   187 | D        | Reached skill level 5 in Fighting
   187 | D        | Reached XP level 3. HP: 33/36 MP: 2/2
   187 | D        | Reached XP level 4. HP: 39/42 MP: 3/3
   193 | D        | Reached skill level 5 in Dodging
   240 | D        | Reached * piety under Nemelex Xobeh
   264 | D        | Received a gift from Nemelex Xobeh
   264 | D        | Noticed an ogre
   280 | D        | Killed an ogre
   281 | D        | Reached XP level 5. HP: 17/51 MP: 4/4
   314 | D        | Reached skill level 5 in Stealth
   318 | D        | Noticed a water moccasin
   318 | D        | Noticed a warg
   324 | D        | HP: 8/78 [warg (12)]
   327 | D        | Slain by a warg

Illustrated notes

Levels and vault maps discovered:
D:        pitsprint [storerooms_1, entrance_room_1, metal_vault_6, armoury_3,
          mini_pit_1, grid_room_1, main_hall_1, silver_pit, the_coven_2,
          the_vestibule_1, steel_vault_3, golden_pit, hallway_of_sentries,
          crystal_vault_1, iron_vault_1, final_vault]

Skill      XL: |  1  2  3  4  5 |
---------------+----------------+-----
Fighting       | 3 5 6 7 |  7.0
Dodging        | 3 4 6 |  6.3
Stealth        | 1 3 4 5 |  5.0
Ranged Weapons | 6 7 |  7.5

Action                     |  1- 3 |  4- 6 || total
---------------------------+-------+-------++-------
  Melee: Trident           |     2 |    23 ||    25
         Headbutt          |     2 |       ||     2
   Fire: Shortbow          |    22 |       ||    22
 Invoke: Draw Destruction  |       |     3 ||     3
    Use: Potion            |     1 |     1 ||     2
 Armour: Leather armour    |    11 |       ||    11
         Plate armour      |       |    10 ||    10
  Dodge: Dodged            |    12 |    10 ||    22

Levels and vault maps discovered:
D:        pitsprint [storerooms_1, entrance_room_1, metal_vault_6, armoury_3,
          mini_pit_1, grid_room_1, main_hall_1, silver_pit, the_coven_2,
          the_vestibule_1, steel_vault_3, golden_pit, hallway_of_sentries,
          crystal_vault_1, iron_vault_1, final_vault]

Table legend: (Time is in decaauts)
 A = Elapsed time spent in this place.
 B = Non-inter-level travel time spent in this place.
 C = Inter-level travel time spent in this place.
 D = Time resting spent in this place.
 E = Time spent auto-exploring this place.
 F = Levels seen in this place.
 G = Mean time per level.
                   A        B        C        D        E       F      G
               +--------+--------+--------+--------+--------+-----+--------+
         Total |    345 |    324 |     21 |     76 |     11 |   1 |  345.0 |
       Dungeon |    345 |    324 |     21 |     76 |     11 |   1 |  345.0 |
               +--------+--------+--------+--------+--------+-----+--------+

Top non-repeatable levels by time:
       D: 345 daAuts

Table legend:
 A = Kills in this place as a percentage of kills in the entire game.
 B = Kills by you in this place as a percentage of kills by you in the entire game.
 C = Kills by friends in this place as a percentage of kills by friends in the entire game.
 D = Other kills in this place as a percentage of other kills in the entire game.
 E = Experience gained in this place as a percentage of experience gained in the entire game.
 F = Experience gained in this place divided by the number of levels of this place that you have seen.
                   A       B       C       D       E      F
               +-------+-------+-------+-------+-------+----------------------
         Total | 100.0 | 100.0 |   N/A |   N/A | 100.0 | 260.0
       Dungeon | 100.0 | 100.0 |   N/A |   N/A | 100.0 | 260.0
               +-------+-------+-------+-------+-------+----------------------
